 Dungeon Crawl Stone Soup version 0.17-a0-1093-g0b3cd89 (webtiles) character file.

177 AnnoyedKobold the Sneak (level 5, -1/28 HPs)
             Began as a Kobold Enchanter on May 20, 2015.
             Killed from afar by an orc wizard (13 damage)
             ... with a puff of flame
             ... on level 4 of the Dungeon.
             The game lasted 00:12:29 (4117 turns).

AnnoyedKobold the Sneak (Kobold Enchanter)          Turns: 4117, Time: 00:12:29

Health: -1/28      AC:  5    Str:  7    XL:     5   Next: 87%
Magic:  8/8        EV: 14    Int: 13    God:
Gold:   136        SH:  0    Dex: 17    Spells: 2 memorised, 4 levels left

rFire  . . .     SeeInvis .     k - +1 dagger (speed)
rCold  . . .     Clarity  .     e - +0 leather armour
rNeg   . . .     SustAb   .     (shield restricted)
rPois  .         Gourm    .     (no helmet)
rElec  .         Spirit   .     (no cloak)
rCorr  .         Warding  .     l - +0 pair of gloves
rMut   .         Stasis   .     g - +0 pair of boots
MR     .....                    (no amulet)
Stlth  ++++......               (no ring)
                                (no ring)

@: not resistant to hostile enchantments, stealthy
A: carnivore 3
a: no special abilities


You were on level 4 of the Dungeon.
You were full.

You visited 1 branch of the dungeon, and saw 4 of its levels.

You collected 136 gold pieces.

Inventory:

Hand weapons
 a - a +1 dagger
 k - a +1 dagger of speed (weapon)
Armour
 b - a +1 robe
 e - a +0 leather armour (worn)
 g - a +0 pair of boots (worn)
 l - a +0 pair of gloves (worn)
Scrolls
 f - a scroll of fear
 h - a scroll of remove curse
 j - a scroll of identify
Books
 c - a book of Maledictions

   Spells                             Type                      Level
   a - Corona                         Hexes                        1
   b - Ensorcelled Hibernation        Hexes/Ice                    2
   c - Confuse                        Hexes                        3
   d - Tukima's Dance                 Hexes                        3
   e - Dazzling Spray                 Conjuration/Hexes            3
Comestibles
 d - a meat ration


   Skills:
 + Level 2.6 Short Blades
 - Level 2.4 Dodging
 + Level 6.8 Stealth
 - Level 2.0 Spellcasting
 - Level 4.2 Hexes


You had 4 spell levels left.
You knew the following spells:

 Your Spells              Type           Power        Failure   Level  Hunger
a - Corona                Hex            ##.....      10%         1    ##.....
b - Confuse               Hex            ##......     21%         3    ####...


Dungeon Overview and Level Annotations

Branches:
Dungeon (4/15)
 Temple: D:4-7

Altars:
Ashenzari
Fedhas
Gozag
The Shining One

Shops:
D:4 (

Annotations:
D:3 tinkerttoy's ghost, average MfTm


Innate Abilities, Weirdness & Mutations

You are small and have problems with some larger weapons.
You are carnivorous and can eat meat at any time.


Message History

The orc moves out of view.
The orc shouts!
You see here a short sword.
The orc closely misses you.
An orc wizard comes into view. It is wielding a dagger.
There is an opulent altar of Gozag here.
The orc wizard shouts!
You hit the orc.
The orc is moderately wounded.
The orc wizard mumbles some strange words.
The orc wizard flickers and vanishes!
Deactivating autopickup; reactivate with Ctrl-A.
The orc closely misses you. The orc completely misses you.
The giant gecko completely misses you.
You see here a stone.
You hear some strange, mumbled words.
A puff of flame appears from out of thin air!
The puff of flame hits you!
You die...

#### #... #..# #..# ..
#..######+####### ..
#...............##
.###...............'
..#......##@##.....# ###
#.#.....##.l.##....# #..
###.#....##..(o.##...#######.#
###...#....#.......#...#....##.#
##(............._)......#....##.#
.....#......#.......#...#....##.#
.#.###.#....##.....##W..(.......#
#.###.#.....##...##.............
#.#...#...#..##.##...##.....####


You could see a phantom, an orc and a giant gecko.

Vanquished Creatures
  A scorpion (D:4)
  5 adders
  An ooze (D:1)
  2 worms
  4 giant geckos
  An orc (D:3)
  3 giant cockroaches
  13 hobgoblins
  2 jackals (D:3)
  6 kobolds
  A quokka (D:3)
  10 bats
  4 giant newts
  7 goblins
  7 rats
67 creatures vanquished.

Notes
Turn   | Place    | Note
--------------------------------------------------------------
     0 | D:1      | AnnoyedKobold the Kobold Enchanter began the quest for the Orb.
     0 | D:1      | Reached XP level 1. HP: 10/10 MP: 3/3
   386 | D:1      | Reached XP level 2. HP: 15/15 MP: 3/5
   663 | D:1      | Found a glowing golden altar of the Shining One.
   940 | D:1      | Reached XP level 3. HP: 19/19 MP: 4/6
  1016 | D:2      | Reached skill level 5 in Stealth
  1578 | D:2      | Learned a level 3 spell: Confuse
  1671 | D:2      | Reached XP level 4. HP: 17/24 MP: 2/7
  2237 | D:2      | Found a blossoming altar of Fedhas.
  3139 | D:3      | Reached skill level 6 in Stealth
  3153 | D:3      | Reached XP level 5. HP: 26/28 MP: 8/8
  3405 | D:3      | Noticed tinkerttoy's ghost (average MfTm)
  3514 | D:4      | Found an opulent altar of Gozag.
  3651 | D:4      | Found Hozaruv's Weapon Emporium.
  3835 | D:4      | Found a shattered altar of Ashenzari.
  3839 | D:4      | Noticed a phantom
  4117 | D:4      | Killed from afar by an orc wizard

Vault maps used:
D:1:      kilobyte_arrival_exit_the_forest, tso_altar
D:2:      fedhas_altar_2
D:3:      nicolae_ru_great_annihilating_truth
D:4:      nicolae_ashenzari_panopticon, lemuel_round_altar, serial_shops,
          shop_statue, first_bread, minmay_crystal_room

Action                   |  1- 3 |  4- 6 || total
-------------------------+-------+-------++-------
Melee: Dagger            |   113 |   174 ||   287
 Cast: Corona            |    13 |     1 ||    14
       Confuse           |     1 |    11 ||    12
  Use: Scroll            |       |     4 ||     4
       Potion            |       |     2 ||     2
 Stab: Sleeping          |     8 |    12 ||    20
       Confused          |       |     2 ||     2
  Eat: Chunk             |     5 |    13 ||    18
